 Dungeon Crawl Stone Soup version 0.30.1-11-g7821555f0a (webtiles) character file.

Game seed: 12844756868704475779

84 jagang the Slasher (level 4, -4/38 HPs)
             Began as a Barachi Monk on Dec 4, 2023.
             Slain by Sigmund
             ... wielding a +0 scythe
              (7 damage)
             ... on level 2 of the Dungeon.
             The game lasted 00:03:13 (1235 turns).

jagang the Slasher (Barachi Monk)                   Turns: 1235, Time: 00:03:14

Health: -4/38      AC:  6    Str: 12    XL:     4   Next: 46%
Magic:  4/4        EV: 10    Int: 10    God:
Gold:   72         SH:  0    Dex: 17    Spells: 3/3 levels left

rFire   . . .        e - +2 mace (heavy)
rCold   . . .        d - orb {light}
rNeg    . . .        k - +0 scale mail
rPois   .            (no helmet)
rElec   .            (no cloak)
rCorr   .            (no gloves)
SInv    .            (no boots)
Will    .....        (no amulet) Stlth
                     (no ring)
HPRegen 0.26/turn    (no ring)
MPRegen 0.09/turn

%: no passive effects
@: glowing, slow
A: amphibious, slowness 1, strong legs 1, +LOS
a: Hop


You were on level 2 of the Dungeon.
You visited 1 branch of the dungeon, and saw 2 of its levels.

You collected 72 gold pieces.

Inventory:

Hand Weapons
 a - a +0 falchion
 e - a +2 heavy mace (weapon)
Armour
 d - an orb of light (worn)
 k - a +0 scale mail (worn)
Scrolls
 b - a scroll of brand weapon {unknown}
 f - a scroll of magic mapping {unknown}
 h - 4 scrolls of identify {unknown}
 i - 2 scrolls of teleportation {unknown}
Potions
 c - a potion of ambrosia
 g - a potion of resistance {unknown}
 j - a potion of invisibility {unknown}
 l - a potion of curing {unknown}


   Skills:
 + Level 4.3 Fighting
 * Level 5.1 Long Blades
 + Level 2.1 Armour
 - Level 3.2 Dodging


You had 3 spell levels left.
You didn't know any spells.
Your spell library contained the following spells:

 Spells                   Type           Power      Damage    Failure   Level
 Freeze                   Ice            0%         1d3       89%         1
 Frozen Ramparts          Ice            0%         1d1       99%         3
 Hailstorm                Conj/Ice       0%         3d3       99%         3


Dungeon Overview and Level Annotations

Branches:
Dungeon (2/15)

Altars:

Shops:
D:1 (   D:2 [

Annotations:
D:2 Sigmund


Innate Abilities, Weirdness & Mutations

You are amphibious.
You cover ground slowly.
You can hop short distances.
You have an extended range of vision and can be seen from far away.


Message History

Sigmund barely misses you. Sigmund hits you with a +0 scythe.
You barely miss Sigmund.
Sigmund is severely wounded.
Sigmund says, "You will soon forget everything."
Sigmund barely misses you. Sigmund closely misses you.
You hit Sigmund but do no damage.
Sigmund is severely wounded.
Sigmund hits you with a +0 scythe. Sigmund casts a spell at you.
The puff of flame misses you. Sigmund barely misses you.
You hit Sigmund.
Sigmund is almost dead.
Sigmund closely misses you.
Sigmund gestures wildly while chanting.
Sigmund flickers and vanishes for a moment.
You closely miss Sigmund.
Sigmund is almost dead.
Sigmund gestures at you while chanting. The puff of flame hits you!
Sigmund gestures at you while chanting. You resist with some effort.
Sigmund barely misses you.
You hit Sigmund.
Sigmund is almost dead.
Sigmund closely misses you. Sigmund hits you but does no damage.
You hit Sigmund but do no damage.
Sigmund is almost dead.
Sigmund hits you with a +0 scythe. Sigmund hits you with a +0 scythe!
You barely miss Sigmund.
Sigmund is almost dead.
Sigmund misses you. Sigmund gestures at you while chanting.
The magic dart hits you.
* * * LOW HITPOINT WARNING * * *
You completely miss Sigmund.
Sigmund is almost dead.
Sigmund gestures at you while chanting. The magic dart hits you!
* * * LOW HITPOINT WARNING * * *
Sigmund hits you with a +0 scythe!
You die...

### ..## ##.## ##### ##
##.###...# #. #.....#.#
############## ###. ##.......#
#...@.........###...
##.####...####..@................
................##########.......
##.####...#####.# #..####.
##.####...#####.# #..# ##)
..............>.# #..# #..
##.####...####### #######..###..
#.##..........# (.............
#.#.....#####.# #######..###.#
##.#..##.# #..# #.#


You could see Sigmund (fast, invisible).

Vanquished Creatures
  Terence (D:2)
  3 adders (D:2)
  A worm (D:2)
  3 dart slugs (D:1)
  An endoplasm (D:1)
  2 giant cockroaches
  A hobgoblin (D:1)
  3 jackals (D:1)
  A quokka (D:1)
  3 ball pythons
  A frilled lizard (D:2)
  A goblin (D:1)
  4 kobolds
  2 rats (D:2)
27 creatures vanquished.

Notes
Turn   | Place    | Note
-------+----------+-------------------------------------------
     0 | D:1      | jagang the Barachi Monk began the quest for the Orb.
     0 | D:1      | Reached XP level 1. HP: 18/18 MP: 1/1
    75 | D:1      | Reached XP level 2. HP: 24/25 MP: 2/2
   121 | D:1      | Reached skill level 4 in Long Blades
   287 | D:1      | Reached skill level 1 in Armour
   385 | D:1      | Found Xes Fiob's Weapon Emporium.
   550 | D:2      | Reached XP level 3. HP: 11/30 MP: 3/3
   714 | D:2      | Noticed Terence
   723 | D:2      | Killed Terence
   724 | D:2      | Reached XP level 4. HP: 33/37 MP: 4/4
  1012 | D:2      | Reached skill level 5 in Long Blades
  1074 | D:2      | Found Garaob's Antique Armour Emporium.
  1218 | D:2      | Noticed Sigmund
  1235 | D:2      | Slain by Sigmund

Illustrated notes

Levels and vault maps discovered:
D:1:      dpeg_arrival_pond, layout_basic, serial_shops,
          nicolae_shop_bloodbath_and_beyond, dreamdust_princess_corridor
D:2:      layout_loops_ring, serial_shops, nicolae_shop_window_shopping,
          uniq_terence, uniq_sigmund

Skill      XL: |  1  2  3  4 |
---------------+-------------+-----
Long Blades    | 4 5 |  5.1
Armour         | 1 2 |  2.1
Fighting       | 4 |  4.3
Dodging        | |  3.2

Action                     |  1- 3 |  4- 6 || total
---------------------------+-------+-------++-------
  Melee: Falchion          |     8 |       ||     8
         Mace              |    33 |    25 ||    58
 Armour: Robe              |     1 |       ||     1
         Ring mail         |    19 |     1 ||    20
         Scale mail        |       |     7 ||     7
  Dodge: Dodged            |    40 |    24 ||    64
